 Dungeon Crawl Stone Soup version 0.28-a0-519-gbfeecf2fc5 (webtiles) character file.

Game seed: 7687342683472624066

2918 robertstho the Cleaver (level 9, -7/123 HPs)
             Began as a Purple Draconian Berserker on Sept 23, 2021.
             Was an Elder of Trog.
             Mangled by a hornet (9 damage)
             ... on level 7 of the Dungeon.
             The game lasted 00:13:16 (7774 turns).

robertstho the Cleaver (Purple Draconian Berserker) Turns: 7774, Time: 00:13:17

Health: -7/123     AC:  8    Str: 24    XL:     9   Next: 50%
Magic:  9/9        EV: 14    Int:  7    God:    Trog [****..]
Gold:   124        SH:  0    Dex: 10    Spells: 8/8 levels left

rFire   + . .      SeeInvis .   k - +0 war axe (vorpal)
rCold   . . .      Faith    .   (no shield)
rNeg    . . .      Spirit   .   (armour unavailable)
rPois   .          Reflect  .   (helmet restricted)
rElec   .          Harm     .   l - +0 cloak
rCorr   .          Rampage  .   (no gloves)
Will    +....                   (no boots)
Stlth   ..........              (no amulet)
HPRegen 0.30/turn               g - ring of fire
MPRegen 0.11/turn               j - ring of protection from cold

@: berserking, lethally poisoned (-7 -> -29), slowed
A: breathe power, AC +7, unfitting armour, cold-blooded
a: Breathe Dispelling Energy, Renounce Religion, Berserk, Trog's Hand, Brothers
in Arms


You were on level 7 of the Dungeon.
You worshipped Trog.
Trog was greatly pleased with you.
You visited 1 branch of the dungeon, and saw 7 of its levels.

You collected 174 gold pieces.
You spent 50 gold pieces at shops.

Inventory:

Hand Weapons
 a - a +0 hand axe
 k - a +0 vorpal war axe (weapon)
Armour
 l - a +0 cloak (worn)
 m - a +0 pair of gloves
Jewellery
 g - a ring of fire (left hand)
 j - a ring of protection from cold (right hand)
 q - a +4 ring of protection
Scrolls
 b - a scroll of magic mapping
 c - 5 scrolls of teleportation
 d - a scroll of brand weapon
 e - 2 scrolls of identify
 f - a scroll of enchant weapon
 o - 3 scrolls of silence
Potions
 h - 3 potions of heal wounds
 i - a potion of mutation {unknown}
 n - a potion of flight
 p - a potion of resistance {unknown}
 r - a potion of might {unknown}
 s - 2 potions of curing
 t - a potion of lignification {unknown}


   Skills:
 * Level 8.4 Fighting
 + Level 8.6 Axes
 * Level 7.1 Dodging
 + Level 2.8 Stealth


You had 8 spell levels left.
You didn't know any spells.
Your spell library was empty.

Dungeon Overview and Level Annotations

Branches:
Dungeon (7/15)             Temple (0/1) D:7

Altars:
Fedhas
Nemelex Xobeh
Trog
Wu Jian
Xom
Zin
The Shining One

Shops:
D:5 (*[[   D:6 [


Innate Abilities, Weirdness & Mutations

You can breathe bolts of dispelling energy.
Your rich purple scales are hard. (AC +7)
You cannot fit into any form of body armour.
You are cold-blooded and may be slowed by cold attacks.


Message History

The hornet stings you!
You feel yourself slow down. The hornet closely misses you.
The hornet misses you.
You closely miss the hornet. You tail-slap the hornet.
The hornet is moderately wounded.
You feel sick. The hornet closely misses you. The hornet stings you.
You suddenly lose the ability to move!
You feel sick. The hornet stings you.
You feel as though you will be slow longer.
The hornet barely misses you.
You can move again.
Unknown command.
A red film seems to cover your vision as you go berserk!
You feel yourself moving faster!
You feel mighty!
You feel sick. The hornet stings you!
You are more poisoned.
You feel as though you will be slow longer.
The hornet stings you.
You are more poisoned.
You feel as though you will be slow longer.
You miss the hornet.
The hornet is lightly wounded.
You feel very sick. The hornet stings you!
* * * LOW HITPOINT WARNING * * *
You feel as though you will be slow longer.
The hornet closely misses you.
You barely miss the hornet.
The hornet is lightly wounded.
* * * LOW HITPOINT WARNING * * *
You feel very sick. The hornet stings you!
* * * LOW HITPOINT WARNING * * *
You are more poisoned.
You feel as though you will be slow longer.
You hit the hornet.
The hornet is moderately wounded.
* * * LOW HITPOINT WARNING * * *
You feel very sick. The hornet stings you!
You die...

#.# #### ... ..#
#.#####.# #
.#####.##....#########
.$.............#......
.#####...##......#......
.................+......
.........###.#...#......
..#...@................
#...y.....#.#........
#.............#..##..
#.#.#..##.....#..##..
#.#.#................ .
................... .
.............#...... .#
.## .....#.#.#......
...............


You could see a hornet.

Vanquished Creatures
  Pikel (D:5)
  A troll (D:6)
  Grinder (D:6)
  Sigmund (D:6)
  An orc warrior (D:6)
  An ogre (D:4)
  A lemure (D:5)
  2 phantoms (D:5)
  A bullfrog (D:6)
  2 scorpions
  A water moccasin skeleton (D:4)
  4 crimson imps (D:6)
  2 centaur zombies
  4 hounds
  A bullfrog skeleton (D:6)
  5 orc priests
  Crazy Yiuf (D:2)
  3 iguanas
  7 orc wizards
  A scorpion zombie (D:3)
  Ijyb (D:4)
  A hound zombie (D:3)
  A hound skeleton (D:4)
  A howler monkey skeleton (D:6)
  A gnoll (D:3)
  3 adders (D:5)
  2 white imps
  2 ufetubi (D:5)
  An adder skeleton (D:4)
  A worm (D:2)
  6 dart slugs
  18 orcs
  6 bats
  5 endoplasms
  3 giant cockroaches
  8 goblins
  7 hobgoblins
  8 kobolds
  4 quokkas
  7 ball pythons
  A ball python skeleton (D:3)
  2 frilled lizards
  10 rats
140 creatures vanquished.

Vanquished Creatures (others)
  4 withered plants (D:3)
4 creatures vanquished.

Grand Total: 144 creatures vanquished

Notes
Turn   | Place    | Note
-------+----------+-------------------------------------------
     0 | D:1      | robertstho the Draconian Berserker began the quest for the
                  | Orb.
     0 | D:1      | Reached XP level 1. HP: 19/19 MP: 1/1
   114 | D:1      | Reached XP level 2. HP: 25/26 MP: 2/2
   708 | D:1      | Reached XP level 3. HP: 26/33 MP: 3/3
   957 | D:1      | Reached ** piety under Trog
  1607 | D:2      | Found a runed translucent door.
  1608 | D:2      | Noticed Crazy Yiuf
  1705 | D:2      | Found a glowing golden altar of the Shining One.
  1857 | D:2      | Killed Crazy Yiuf
  1858 | D:2      | Reached XP level 4. HP: 40/40 MP: 4/4
  1942 | D:3      | Reached XP level 5. HP: 38/47 MP: 5/5
  2344 | D:3      | Reached skill level 1 in Stealth
  2678 | D:3      | Found a sparkling altar of Nemelex Xobeh.
  2753 | D:3      | Found a faded altar of an unknown god.
  3408 | D:3      | Reached *** piety under Trog
  3409 | D:3      | Reached XP level 6. HP: 46/55 MP: 6/6
  3523 | D:4      | Noticed Ijyb
  3558 | D:4      | Killed Ijyb
  3680 | D:4      | Reached skill level 5 in Fighting
  4129 | D:4      | Reached skill level 5 in Axes
  4497 | D:4      | Your scales start taking on a rich purple colour.
  4497 | D:4      | Reached XP level 7. HP: 46/61 MP: 7/7
  4579 | D:4      | Found an ornate altar of the Wu Jian Council.
  4704 | D:5      | Entered Level 5 of the Dungeon
  5285 | D:5      | Found Adesoklo's Assorted Antiques.
  5293 | D:5      | Bought a scroll of identify for 50 gold pieces
  5320 | D:5      | Found Arous's Antique Armour Emporium.
  5381 | D:5      | Reached skill level 5 in Dodging
  5507 | D:5      | Noticed Pikel
  5508 | D:5      | Found Ycamnais's Antique Weapon Boutique.
  5521 | D:5      | Killed Pikel
  5522 | D:5      | Reached XP level 8. HP: 67/71 MP: 8/8
  5539 | D:5      | Found Awnead's Armour Shop.
  5900 | D:6      | Found Oziupt's Antique Armour Shoppe.
  6171 | D:6      | Reached **** piety under Trog
  6684 | D:6      | Found a shimmering altar of Xom.
  6806 | D:6      | Noticed a troll
  6820 | D:6      | Killed a troll
  6821 | D:6      | Reached XP level 9. HP: 49/80 MP: 9/9
  7118 | D:6      | Noticed Grinder
  7125 | D:6      | Killed Grinder
  7348 | D:6      | Noticed Sigmund
  7356 | D:6      | Killed Sigmund
  7523 | D:7      | Found a bloodstained altar of Trog.
  7641 | D:7      | Found a glowing silver altar of Zin.
  7646 | D:7      | Found a blossoming altar of Fedhas.
  7659 | D:7      | Found a staircase to the Ecumenical Temple.
  7769 | D:7      | Paralysed by a hornet for 2 turns
  7774 | D:7      | HP: 2/123 [poisoned by a hornet]
  7774 | D:7      | Mangled by a hornet

Illustrated notes

Levels and vault maps discovered:
D:1:      dpeg_arrival_tiny_a, layout_loops_ring
D:2:      layout_rooms, basic_altar, grunt_ministairs_8, uniq_crazy_yiuf_cottage
D:3:      layout_basic, old_standard_altar, serial_undead, serial_undead_b,
          serial_undead_b, serial_undead_a, serial_undead_e,
          hellmonk_ecumenical_altar_crossroads,
          amcnicky_mini_rare_corridor_liquid, cheibrodos_gnoll_hut
D:4:      layout_basic, nzn_wu_jian_council_hall, uniq_ijyb
D:5:      layout_loops_ring, serial_shops, shop, shop, nicolae_shop_statue_plus,
          nicolae_stop_n_shop_1, uniq_pikel
D:6:      layout_basic, led_xom_imps, serial_shops, nicolae_diamond_shop,
          uniq_sigmund, uniq_grinder
D:7:      layout_basic, mainiacjoe_overflow_concentric_impassable,
          mainiacjoe_overflow_boulevard, zin_academy,
          minmay_temple_entry_large_hall, serial_shops, shop

Skill      XL: |  1  2  3  4  5  6  7  8  9 |
---------------+----------------------------+-----
Dodging        | 3 4 5 6 7 |  7.1
Fighting       | 4 5 6 7 8 |  8.4
Axes           | 4 5 6 7 8 |  8.6
Stealth        | 1 2 |  2.8

Action                   |  1- 3 |  4- 6 |  7- 9 || total
-------------------------+-------+-------+-------++-------
Melee: Hand axe          |   132 |   158 |   102 ||   392
       Tailslap          |    13 |    23 |    34 ||    70
       War axe           |       |       |   141 ||   141
Invok: Berserk           |     1 |     4 |     8 ||    13
  Use: Potion            |       |     1 |     1 ||     2
       Scroll            |       |       |    10 ||    10
 Stab: Distracted        |     1 |       |       ||     1
       Sleeping          |       |     3 |     3 ||     6
Armor: Skin              |    33 |    55 |    79 ||   167
Dodge: Dodged            |    81 |   110 |   214 ||   405

Table legend: (Time is in decaauts)
 A = Elapsed time spent in this place.
 B = Non-inter-level travel time spent in this place.
 C = Inter-level travel time spent in this place.
 D = Time resting spent in this place.
 E = Time spent auto-exploring this place.
 F = Levels seen in this place.
 G = Mean time per level.
                   A        B        C        D        E       F      G
               +--------+--------+--------+--------+--------+-----+--------+
         Total |   7947 |   7774 |    173 |   1031 |   5577 |   7 | 1135.3 |
       Dungeon |   7947 |   7774 |    173 |   1031 |   5577 |   7 | 1135.3 |
               +--------+--------+--------+--------+--------+-----+--------+

Top non-repeatable levels by time:
     D:6: 1695 daAuts
     D:3: 1300 daAuts
     D:4: 1240 daAuts
     D:5: 1214 daAuts
     D:1: 1193 daAuts
     D:2: 1048 daAuts
     D:7: 253 daAuts
